 Dungeon Crawl Stone Soup version 0.27.1-1-g398f81649c (webtiles) character file.

Game seed: 3879799449067277865

110 VictoriousLee the Slasher (level 4, -1/36 HPs)
             Began as a Barachi Fighter on Sept 9, 2021.
             Slain by a sky beast (4 damage)
             ... on level 3 of the Dungeon.
             The game lasted 00:08:46 (2029 turns).

VictoriousLee the Slasher (Barachi Fighter)         Turns: 2029, Time: 00:08:47

Health: -1/36      AC:  8    Str: 24    XL:     4   Next: 91%
Magic:  4/4        EV:  7    Int:  9    God:
Gold:   59         SH:  9    Dex: 11    Spells: 3/3 levels left

rFire    . . .     SeeInvis .   a - +0 long sword
rCold    . . .     Faith    .   c - +0 kite shield
rNeg     . . .     Spirit   .   b - +0 scale mail
rPois    .         Reflect  .   (no helmet)
rElec    .         Harm     .   (no cloak)
rCorr    .         Rampage  .   f - +0 pair of gloves
Will     .....                  (no boots)
Stlth    ..........             (no amulet)
HPRegen  0.12/turn              m - +6 ring of strength
MPRegen  0.09/turn              (no ring)

@: unable to hop, on berserk cooldown, slowed, very slow
A: amphibious, slowness 1, strong legs 1, +LOS
a: Hop


You were on level 3 of the Dungeon.
You visited 1 branch of the dungeon, and saw 3 of its levels.

You collected 59 gold pieces.

Inventory:

Hand Weapons
 a - a +0 long sword (weapon)
 e - a +0 dagger of venom
 j - a +2 dagger of speed
 t - a +0 spear
 u - a +0 long sword
Armour
 b - a +0 scale mail (worn)
 c - a +0 kite shield (worn)
 f - a +0 pair of gloves (worn)
 r - a +0 ring mail
Magical Staves
 k - a staff of conjuration
Jewellery
 m - a +6 ring of strength (left hand)
Scrolls
 h - a scroll of summoning {unknown}
 l - a scroll of amnesia {unknown}
 n - 2 scrolls of magic mapping {unknown}
 o - a scroll of noise {unknown}
 q - 2 scrolls of teleportation {unknown}
 x - a scroll of blinking {unknown}
Potions
 d - 2 potions of might
 g - a potion of curing {unknown}
 i - a potion of degeneration {unknown}
 p - a potion of lignification {unknown}
 s - a potion of berserk rage
 v - a potion of flight {unknown}
 w - a potion of attraction {unknown}


   Skills:
 - Level 3.6 Fighting
 + Level 6.0 Long Blades
 - Level 3.6 Armour
 - Level 3.2 Shields


You had 3 spell levels left.
You didn't know any spells.
Your spell library was empty.

Dungeon Overview and Level Annotations

Branches:
Dungeon (3/15)

Altars:


Innate Abilities, Weirdness & Mutations

You are amphibious.
You cover ground slowly.
You can hop short distances.
You have an extended range of vision and can be seen from far away.


Message History

Something hits you. Something shocks you.
You closely miss something. You block something's attack.
You miss something. Something hits you but does no damage.
You miss something. Something hits you but does no damage. Something hits you.
Something shocks you.
You miss something. You block something's attack.
You miss something. Something hits you. Something shocks you.
* * * LOW HITPOINT WARNING * * *
You miss something. Something hits you.
* * * LOW HITPOINT WARNING * * *
Something shocks you.
* * * LOW HITPOINT WARNING * * *
Something hits you but does no damage.
You aren't carrying any items that you can evoke without wielding.
Unknown command.
Okay, then.
Hop to where?
Press: ? - help, Dir - move target Boing!
It was a potion of berserk rage.
A red film seems to cover your vision as you go berserk!
You feel yourself moving faster!
You feel mighty!
A sky beast appears from thin air!
Reactivating autopickup.
You are too berserk!
You feel a strong urge to attack something.
You feel your anger nearly subside.
You are no longer berserk.
You are exhausted.
You feel yourself slow down.
You closely miss the sky beast.
The sky beast is heavily wounded.
The sky beast hits you but does no damage.
You block the sky beast's attack.
You hit the sky beast.
The sky beast is heavily wounded.
You block the sky beast's attack. x2
You barely miss the sky beast.
The sky beast is heavily wounded.
The sky beast hits you.
You die...

## ######## ###### ######.
##########......###....# #....#.
#......................####....#.
#..........†.....##.).....#....#.
#.........#....Y@................
#........##.......#..............
#........##.......#..............
##.......######..>+..............
#.......# #####.....#........
####.......?...........#........
#.......Y...........#.......#
#.............(.....###.....#
..........######...... ......#


You could see a sky beast.

Vanquished Creatures
  An iguana (D:2)
  A gnoll (D:1)
  3 adders
  2 dart slugs
  An orc (D:3)
  3 ball pythons
  5 endoplasms
  3 goblins
  5 hobgoblins
  4 jackals (D:1)
  6 kobolds
  A quokka (D:2)
  4 bats
  3 frilled lizards
  A rat (D:2)
43 creatures vanquished.

Notes
Turn   | Place    | Note
-------+----------+-------------------------------------------
     0 | D:1      | VictoriousLee the Barachi Fighter began the quest for the
                  | Orb.
     0 | D:1      | Reached XP level 1. HP: 18/18 MP: 1/1
   139 | D:1      | Reached skill level 3 in Long Blades
   143 | D:1      | Reached XP level 2. HP: 20/24 MP: 2/2
   577 | D:1      | Reached skill level 4 in Long Blades
   603 | D:1      | Reached XP level 3. HP: 21/29 MP: 3/3
   827 | D:2      | Reached skill level 5 in Long Blades
   827 | D:2      | Reached XP level 4. HP: 16/36 MP: 4/4
  1344 | D:2      | Found a faded altar of an unknown god.
  1955 | D:3      | Reached skill level 6 in Long Blades
  1996 | D:3      | Noticed a sky beast
  2029 | D:3      | Slain by a sky beast

Illustrated notes

Levels and vault maps discovered:
D:1:      elethiomel_arrival_infinity_welcomes_careful_drivers, layout_basic,
          corner_web_ring, skrybe_limestone_x
D:2:      layout_rooms, basic_ecumenical_altar, serial_park_tiny_2
D:3:      layout_basic, eino_tiny_chamber, uniq_sigmund

Skill      XL: |  1  2  3  4 |
---------------+-------------+-----
Long Blades    | 3 4 5 6 |  6.0
Fighting       | |  3.6
Armour         | |  3.6
Shields        | |  3.2

Action                   |  1- 3 |  4- 6 || total
-------------------------+-------+-------++-------
Melee: Long sword        |    73 |    76 ||   149
 Abil: Hop               |       |     1 ||     1
  Use: Potion            |       |     1 ||     1
Armor: Scale mail        |    46 |    20 ||    66
Dodge: Dodged            |    29 |    15 ||    44
Block: Kite shield       |    44 |    53 ||    97
       Rpst.: Long sword |     7 |     5 ||    12
